Map: [ESL] Stargazers

Players

Rex - Winner!

  • Race: Zerg Zerg
  • Spawn Location: 1:00

Nice

  • Race: Protoss Protoss
  • Spawn Location: 11:00

Event: DreamHack SC2 Masters 2022 Atlanta (Online)

VOD

Have the link to the VOD?

Description

Time

  • Played on: Oct. 2, 2022, 7:22 a.m.
  • Length: 3:20

All games in this series

Show
View Real Time Build Order
Export as new Build Order

Rex Zerg - Winner!

Build Orders: Hatch First 

Get SALT Encoding   

  12  0:00  Drone  
  13  0:09  Drone  
  14  0:16  Drone, Extractor  
  15  0:40  Hatchery  
  14  0:44  Extractor  
  13  0:57  Spawning Pool  
  13  1:02  Drone  
  13  1:07  Drone  
  14  1:16  Overlord  
  14  1:44  Zergling x6  
  17  1:47  Metabolic Boost  
  17  2:00  Queen  
  19  2:06  Zergling x2  
  20  2:09  Zergling x2  
  20  2:13  Zergling x2  
  22  2:16  Zergling x2  
  22  2:20  Zergling x2  
  24  2:24  Zergling x2  
  24  2:28  Zergling x2  
  26  2:35  Overlord  
  26  2:42  Zergling x2  
  27  2:48  Zergling x2  
  28  2:54  Zergling x2  
  29  3:00  Zergling x4  
Show
View Real Time Build Order
Export as new Build Order

Nice Protoss 

Build Orders: 1 Gate Expand 

Get SALT Encoding   

  12  0:00  Probe  
  13  0:12  Probe  
  14  0:19  Pylon  
  14  0:24  Probe  
  15  0:37  Probe (Chrono Boost)  
  15  0:41  Gateway  
  16  0:49  Probe (Chrono Boost)  
  17  0:51  Assimilator  
  17  0:54  Probe (Chrono Boost)  
  18  1:04  Probe  
  19  1:16  Probe  
  20  1:31  Cybernetics Core  
  20  1:36  Nexus  
  20  1:47  Pylon  
  20  1:48  Zealot  
  22  1:59  Forge  
  22  2:09  Pylon  
  22  2:12  Shield Battery  
  22  2:25  Sentry (Chrono Boost)  
  24  2:31  Shield Battery  
  24  2:33  Photon Cannon  
  24  2:43  Photon Cannon  
  24  2:49  Stalker (Chrono Boost)  
  26  2:54  Pylon  
Tags
 
Add a new tag
Caveats
  • Supply blocks, unpowered buildings, or Contaminate may cause inaccurate times.
  • Supply counts are checked every 10 seconds.